 Dungeon Crawl Stone Soup version 0.29-a0-243-g602b31c20e (webtiles) character file.

Game seed: 16490801495755788043

447 gruber the Quickloader (level 7, 0/40 HPs)
             Began as a Kobold Hunter on Mar 5, 2022.
             Slain by an ogre
             ... wielding a +0 giant spiked club
              (18 damage)
             ... on level 5 of the Dungeon.
             The game lasted 00:04:35 (3797 turns).

gruber the Quickloader (Kobold Hunter)              Turns: 3797, Time: 00:04:35

Health: 0/40       AC:  5    Str:  9    XL:     7   Next: 24%
Magic:  7/7        EV: 14    Int: 12    God:
Gold:   213        SH:  0    Dex: 18    Spells: 6/6 levels left

rFire   . . .      SeeInvis .   a - +1 hand crossbow
rCold   . . .      Faith    .   p - orb {light}
rNeg    . . .      Spirit   .   b - +0 leather armour
rPois   .          Reflect  .   j - +0 helmet
rElec   .          Harm     .   (no cloak)
rCorr   .          Rampage  .   (no gloves)
Will    .....                   o - +0 pair of boots
Stlth   +.........              (no amulet)
HPRegen 0.13/turn               (no ring)
MPRegen 0.10/turn               (no ring)

@: glowing
A: small, no large weapons, nightstalker 3
a: no special abilities


You were on level 5 of the Dungeon.
You visited 1 branch of the dungeon, and saw 5 of its levels.

You collected 213 gold pieces.

Inventory:

Hand Weapons
 a - a +1 hand crossbow (weapon)
 e - a +0 vampiric short sword
 x - a +1 short sword of protection
Armour
 b - a +0 leather armour (worn)
 j - a +0 helmet (worn)
 o - a +0 pair of boots (worn)
 p - an orb of light (worn)
Wands
 l - a wand of flame (20)
 y - a wand of charming (5)
Scrolls
 d - 2 scrolls of magic mapping {unknown}
 f - 2 scrolls of brand weapon {unknown}
 g - a scroll of summoning {unknown}
 h - a scroll of enchant armour {unknown}
 k - a scroll of teleportation {unknown}
 n - a scroll of acquirement {unknown}
 q - a scroll of amnesia {unknown}
 r - 2 scrolls of identify {unknown}
 t - a scroll of torment {unknown}
 u - a scroll of blinking {unknown}
 v - a scroll of vulnerability {unknown}
Potions
 c - 3 potions of invisibility {unknown}
 i - 2 potions of heal wounds {unknown}
 m - 2 potions of degeneration {unknown}
 s - a potion of berserk rage {unknown}
 w - a potion of curing {unknown}


   Skills:
 - Level 2.1 Fighting
 + Level 10.7 Crossbows
 - Level 2.4 Dodging
 - Level 1.3 Stealth


You had 6 spell levels left.
You didn't know any spells.
Your spell library contained the following spells:

 Spells                   Type           Power      Damage    Failure   Level
 Animate Skeleton         Necr           0%         N/A       43%         1
 Pain                     Necr           0%         1d4       43%         1
 Inner Flame              Hex/Fire       0%         N/A       80%         3
 Vampiric Draining        Necr           0%         2d6       80%         3
 Cause Fear               Hex            0%         N/A       99%         4
 Blade Hands              Tmut           0%         N/A       100%        5
 Irradiate                Conj/Tmut      0%         3d14      100%        5
 Dragon Form              Tmut           0%         N/A       100%        7
 Discord                  Hex            0%         N/A       100%        8


Dungeon Overview and Level Annotations

Branches:
Dungeon (5/15)
 Temple: D:4-7

Altars:
Ashenzari
Cheibriados
Kikubaaqudgha
Qazlal
Trog

Shops:
D:1 ?

Annotations:
D:3 3 runed translucent doors, BigAl's ghost, amateur MiGl


Innate Abilities, Weirdness & Mutations

You are small and have problems with some larger weapons.
You are completely attuned to the shadows.


Message History

You shoot a bolt. The bolt hits the orc.
The orc is severely wounded.
The orc barely misses you.
You shoot a bolt. The bolt hits the orc.
You kill the orc!
No target in view!
No target in view!
y - a wand of charming (5)
Things that are here:
a +0 club; a +0 chain mail; the goblin corpse of Ijyb
Found 11 gold pieces.
Things that are here:
a +0 club; a +0 ring mail An ogre comes into view.
It is wielding a +0 giant spiked club.
The ogre shouts!
You see here 11 gold pieces.
An ogre is nearby!
An ogre is nearby!
An ogre is nearby!
You shoot a bolt. The bolt hits the ogre.
The ogre is lightly wounded.
You shoot a bolt. The bolt hits the ogre.
The ogre is moderately wounded.
You shoot a bolt. The bolt hits the ogre.
The ogre is moderately wounded.
The ogre hits you with a +0 giant spiked club!
You shoot a bolt. The bolt hits the ogre.
The ogre is moderately wounded.
The ogre hits you with a +0 giant spiked club!
You are too injured to fight recklessly!
You are too injured to fight recklessly!
You are too injured to fight recklessly!
Unknown command.
Shoot: a) +1 hand crossbow
Press: ? - help, Q - select action, (/) - cycle Shift-Dir - straight line, f/p - ogre
Aim: an ogre, wielding a +0 giant spiked club (moderately wounded, haloed, 94% to hit)
You shoot a bolt. The bolt hits the ogre!
The ogre is severely wounded.
The ogre hits you with a +0 giant spiked club!!
You die...

#.###### #.# #.#
#.# ...##.. #.#
.#... #.# ....#
#..# #.# #O.+ +..#
#.#
#@.#+#..###.####
#......##.......
........)##...####
##.###.)..#..## #.
#.......# #
#.....#..#
...#........
.#.....#...#.
#...#.>.≈


You could see an ogre.

Vanquished Creatures
  2 ogres (D:4)
  An orc priest (D:4)
  A jelly (D:4)
  A gnoll shaman (D:2)
  Ijyb (D:5)
  3 gnolls (D:3)
  4 adders
  3 worms
  8 orcs
  9 ball pythons
  5 endoplasms
  2 giant cockroaches
  13 goblins
  5 hobgoblins
  10 jackals
  2 quokkas
  5 bats
  A frilled lizard (D:3)
  7 kobolds
  5 rats
88 creatures vanquished.

Vanquished Creatures (others)
  8 plants (D:4)
8 creatures vanquished.

Grand Total: 96 creatures vanquished

Notes
Turn   | Place    | Note
-------+----------+-------------------------------------------
     0 | D:1      | gruber the Kobold Hunter began the quest for the Orb.
     0 | D:1      | Reached XP level 1. HP: 12/12 MP: 1/1
   106 | D:1      | Found a faded altar of an unknown god.
   129 | D:1      | Reached XP level 2. HP: 14/17 MP: 2/2
   243 | D:1      | Found Alom's Magic Scroll Emporium.
   283 | D:1      | Reached skill level 6 in Crossbows
   604 | D:1      | Reached XP level 3. HP: 21/21 MP: 3/3
  1176 | D:2      | Reached skill level 7 in Crossbows
  1176 | D:2      | Reached XP level 4. HP: 26/26 MP: 4/4
  1737 | D:2      | Reached skill level 8 in Crossbows
  1737 | D:2      | Reached XP level 5. HP: 21/30 MP: 5/5
  1985 | D:3      | Found a runed translucent gate.
  1986 | D:3      | Found a runed translucent gate.
  1987 | D:3      | Found a runed translucent gate.
  1990 | D:3      | Noticed BigAl's ghost (amateur MiGl)
  2527 | D:4      | Reached XP level 6. HP: 27/35 MP: 6/6
  2569 | D:4      | Reached skill level 9 in Crossbows
  2600 | D:4      | Found an ancient bone altar of Kikubaaqudgha.
  2600 | D:4      | Found a bloodstained altar of Trog.
  2601 | D:4      | Noticed an ogre
  2614 | D:4      | Killed an ogre
  2810 | D:4      | Found a broken altar of Ashenzari.
  3046 | D:4      | Noticed an ogre
  3057 | D:4      | Killed an ogre
  3058 | D:4      | Reached skill level 10 in Crossbows
  3058 | D:4      | Reached XP level 7. HP: 14/40 MP: 7/7
  3354 | D:4      | Found a snail-covered altar of Cheibriados.
  3408 | D:4      | Found a stormy altar of Qazlal.
  3735 | D:5      | Entered Level 5 of the Dungeon
  3755 | D:5      | Noticed Ijyb
  3769 | D:5      | Killed Ijyb
  3797 | D:5      | Slain by an ogre

Illustrated notes

Levels and vault maps discovered:
D:1:      dpeg_arrival_castle, layout_loops_ring, basic_ecumenical_altar,
          serial_shops, shop
D:2:      layout_rooms, minmay_pentomino_z2
D:3:      layout_rooms, ebering_ghost_rock_garden
D:4:      layout_loops_ring, nicolae_ashenzari_panopticon, slow_altar_1,
          grunt_temple_overflow_open, serial_forest, infiniplex_forest_corner_1,
          infiniplex_forest_clump_double, infiniplex_forest_clump_curved,
          infiniplex_forest_lined_room_2, infiniplex_forest_straight_5,
          infiniplex_forest_clump_small
D:5:      layout_loops_ring, kennysheep_mini_moat, serial_bayou,
          serial_bayou_ford_a, serial_bayou_shore_b, serial_bayou_pond_c,
          serial_bayou_pond_d, minmay_fractal_squares_5, uniq_edmund,
          uniq_grinder, uniq_ijyb

Skill      XL: |  1  2  3  4  5  6 |
---------------+-------------------+-----
Crossbows      | 6 7 8 10 | 10.7
Fighting       | |  2.1
Dodging        | |  2.4
Stealth        | |  1.3

Action                   |  1- 3 |  4- 6 |  7- 9 || total
-------------------------+-------+-------+-------++-------
 Fire: Hand crossbow     |    78 |   162 |    38 ||   278
Armor: Leather armour    |    10 |     7 |     2 ||    19
Dodge: Dodged            |    26 |    61 |     9 ||    96

Table legend: (Time is in decaauts)
 A = Elapsed time spent in this place.
 B = Non-inter-level travel time spent in this place.
 C = Inter-level travel time spent in this place.
 D = Time resting spent in this place.
 E = Time spent auto-exploring this place.
 F = Levels seen in this place.
 G = Mean time per level.
                   A        B        C        D        E       F      G
               +--------+--------+--------+--------+--------+-----+--------+
         Total |   3844 |   3753 |     91 |      0 |   3178 |   5 |  768.8 |
       Dungeon |   3844 |   3753 |     91 |      0 |   3178 |   5 |  768.8 |
               +--------+--------+--------+--------+--------+-----+--------+

Top non-repeatable levels by time:
     D:4: 1447 daAuts
     D:1: 949 daAuts
     D:3: 713 daAuts
     D:2: 671 daAuts
     D:5: 63 daAuts
